 Dungeon Crawl Stone Soup version 0.27-a0-668-gb5737ff2c0 (webtiles) character file.

Game seed: 7025990189875515070

79 HoaS the Twirler (level 3, 0/29 HPs)
             Began as a Demigod Gladiator on Mar 17, 2021.
             Slain by a gnoll
             ... wielding a +0 spear
              (7 damage)
             ... on level 2 of the Dungeon.
             The game lasted 00:02:42 (1853 turns).

HoaS the Twirler (Demigod Gladiator)                Turns: 1853, Time: 00:02:42

Health: 0/29       AC:  4    Str: 19    XL:     3   Next: 95%
Magic:  5/5        EV: 12    Int: 10    God:
Gold:   121        SH:  0    Dex: 15    Spells: 2/2 levels left

rFire    . . .     SeeInvis .   a - +0 quarterstaff
rCold    . . .     Faith    .   (shield currently unavailable)
rNeg     . . .     Spirit   .   b - +0 leather armour
rPois    .         Reflect  .   c - +0 helmet
rElec    .         Harm     .   (no cloak)
rCorr    .         Rampage  .   (no gloves)
Will     .....                  (no boots)
Stlth    +.........             (no amulet)
HPRegen  0.09/turn              (no ring)
MPRegen  0.09/turn              (no ring)

@: no status effects
A: high mp 1, forlorn
a: no special abilities


You were on level 2 of the Dungeon.
You visited 1 branch of the dungeon, and saw 2 of its levels.

You collected 121 gold pieces.

Inventory:

Hand Weapons
 a - a +0 quarterstaff (weapon)
Missiles
 d - 3 throwing nets (quivered)
Armour
 b - a +0 leather armour (worn)
 c - a +0 helmet (worn)
Potions
 e - a potion of haste


   Skills:
 - Level 1.7 Fighting
 + Level 4.6 Staves
 - Level 1.7 Throwing
 - Level 2.6 Dodging


You had 2 spell levels left.
You didn't know any spells.
Your spell library contained the following spells:

 Spells                   Type           Power      Damage    Failure   Level
 Magic Dart               Conj           0%         1d3       41%         1
 Blink                    Tloc           N/A        N/A       56%         2
 Call Imp                 Summ           0%         N/A       56%         2
 Slow                     Hex            0%         N/A       56%         2
 Conjure Flame            Conj/Fire      0%         6-21      80%         3
 Mephitic Cloud           Conj/Pois/Air  0%         N/A       80%         3


Dungeon Overview and Level Annotations

Branches:
Dungeon (2/15)

Shops:
D:1 ?


Innate Abilities, Weirdness & Mutations

Your attributes grow dramatically as you level up.
You have an increased reservoir of magic. (+10% MP)
You shall have no god before yourself.


Message History

You climb downwards.
The gnoll hits you with a +0 flail. The gnoll barely misses you.
There is a stone staircase leading up here.
The gnoll closely misses you. The gnoll barely misses you.
You climb upwards.
There is a stone staircase leading down here.
You hit the gnoll.
The gnoll is moderately wounded.
The gnoll hits you with a +0 flail!
You sock the gnoll!
The gnoll is almost dead.
The gnoll barely misses you.
You hit the gnoll.
You kill the gnoll!
No target in view!
You start resting.
HP restored.
You climb downwards.
The gnoll hits you from afar with a +0 halberd!
There is a stone staircase leading up, spattered with blood here.
The gnoll closely misses you. The gnoll misses you.
You climb upwards.
There is a stone staircase leading down here.
You start resting.
HP restored.
You climb downwards.
There is a stone staircase leading up, spattered with blood here.
You climb upwards.
There is a stone staircase leading down here.
You climb downwards.
The gnoll hits you from afar with a +0 halberd!
There is a stone staircase leading up, spattered with blood here.
The gnoll closely misses you.
The gnoll hits you from afar with a +0 halberd!
Ouch! That really hurt!
* * * LOW HITPOINT WARNING * * *
There is a stone staircase leading up, spattered with blood here.
The gnoll misses you.
The gnoll hits you from afar with a +0 spear!
You die...

######### #.......# #.#####.#
#.# #.# #.# #.# #.# #.########
#.#####.##.....# ###
##.##.@..##.###.# ..#
##...#.........#.# #.#
###....gg.#.##.#.#.# #.#
#...........##.....# #(#
#.#.....###.####.### #.#
#.##....# #.# #.#
###.####.###.#.###.####.####
.......g...................#
############..................#


You could see 2 gnolls.

Vanquished Creatures
  An adder (D:2)
  2 gnolls
  An adder skeleton (D:2)
  3 dart slugs (D:1)
  A leopard gecko (D:1)
  7 bats
  2 giant cockroaches (D:1)
  3 goblins
  3 hobgoblins
  7 kobolds
  2 frilled lizards
  12 rats
44 creatures vanquished.

Notes
Turn   | Place    | Note
-------+----------+-------------------------------------------
     0 | D:1      | HoaS the Demigod Gladiator began the quest for the Orb.
     0 | D:1      | Reached XP level 1. HP: 17/17 MP: 3/3
    65 | D:1      | Reached skill level 3 in Staves
   123 | D:1      | Reached XP level 2. HP: 21/24 MP: 4/4
   637 | D:1      | Found Ysayteh's Magic Scroll Emporium.
   925 | D:1      | Reached XP level 3. HP: 24/29 MP: 5/5
  1104 | D:1      | Reached skill level 4 in Staves
  1853 | D:2      | Slain by a gnoll

Illustrated notes

Levels and vault maps discovered:
D:1:      saegor_arrival_miasma, layout_basic, serial_shops, shop, minivault_19,
          minmay_fountain_box, minmay_rat_gold_closets
D:2:      layout_loops_ring, chequers_serial_rivers_small_b,
          kennysheep_generic_room_15

Skill      XL: |  1  2  3 |
---------------+----------+-----
Staves         | 3 4 |  4.6
Fighting       | |  1.7
Throwing       | |  1.7
Dodging        | |  2.6

Action                   || total
-------------------------++-------
Melee: Quarterstaff      ||   121
  Use: Scroll            ||     1
 Stab: Sleeping          ||     5
Armor: Leather armour    ||    20
Dodge: Dodged            ||    79

Table legend: (Time is in decaauts)
 A = Elapsed time spent in this place.
 B = Non-inter-level travel time spent in this place.
 C = Inter-level travel time spent in this place.
 D = Time resting spent in this place.
 E = Time spent auto-exploring this place.
 F = Levels seen in this place.
 G = Mean time per level.
                   A        B        C        D        E       F      G
               +--------+--------+--------+--------+--------+-----+--------+
         Total |   1872 |   1851 |     21 |    760 |    762 |   2 |  936.0 |
       Dungeon |   1872 |   1851 |     21 |    760 |    762 |   2 |  936.0 |
               +--------+--------+--------+--------+--------+-----+--------+

Top non-repeatable levels by time:
     D:1: 1627 daAuts
     D:2: 244 daAuts
